 Dungeon Crawl Stone Soup version 0.31-a0-187-gba352fbbf7 (webtiles) character file.

Game seed: 9308944108668166406

154 qw the Skirmisher (level 5, 0/29 HPs)
             Began as a Deep Elf Hunter on June 22, 2023.
             Slain by Natasha (2 damage)
             ... on level 3 of the Dungeon.
             The game lasted 00:00:36 (1702 turns).

qw the Skirmisher (Deep Elf Hunter)                 Turns: 1702, Time: 00:00:36

Health: 0/29       AC:  7    Str: 10    XL:     5   Next: 13%
Magic:  7/7        EV: 11    Int: 14    God:
Gold:   59         SH:  0    Dex: 18    Spells: 4/4 levels left

rFire   . . .        Y - +0 shortbow
rCold   . . .        (shield currently unavailable)
rNeg    . . .        d - +2 ring mail
rPois   .            (no helmet)
rElec   .            (no cloak)
rCorr   .            (no gloves)
SInv    .            (no boots)
Will    .....        (no amulet)
Stlth   +            (no ring)
HPRegen 0.24/turn    (no ring)
MPRegen 0.10/turn

%: no passive effects
@: lethally poisoned (0 -> -2), slowed, very slow
A: no striking features
a: no special abilities


You were on level 3 of the Dungeon.
You visited 1 branch of the dungeon, and saw 3 of its levels.

You collected 59 gold pieces.


   Skills:
 - Level 1.5 Fighting
 + Level 8.5 Ranged Weapons
 - Level 2.4 Dodging
 - Level 1.2 Stealth


You had 4 spell levels left.
You didn't know any spells.
Your spell library was empty.

Inventory:

Hand Weapons
 Y - a +0 shortbow (weapon)
Armour
 d - a +2 ring mail (worn)
Scrolls
 a - a scroll of identify
 b - a scroll of blinking {unknown}
 f - a scroll of fear {unknown}
Potions
 c - a potion of might {unknown}
 e - a potion of ambrosia {unknown}

Dungeon Overview and Level Annotations

Branches:
Dungeon (3/15)

Altars:

Annotations:
D:3 Natasha


Message History

You shoot an arrow. The arrow closely misses the scorpion.
Natasha claws you!
The scorpion stings you but does no damage.
You shoot an arrow. The arrow closely misses the scorpion.
The scorpion stings you but does no damage.
Natasha claws you.
You shoot an arrow. The arrow hits the scorpion.
The scorpion is moderately wounded.
The scorpion stings you but does no damage.
Natasha barely misses you.
The scorpion stings you but does no damage.
Natasha casts a spell at you. The magic dart hits you.
You shoot an arrow. The arrow closely misses the scorpion.
The scorpion stings you. Natasha casts a spell at you.
You feel yourself slow down.
You shoot an arrow. The arrow hits the scorpion.
The scorpion is severely wounded.
The scorpion stings you.
You are poisoned.
The scorpion poisons you!
The scorpion stings you but does no damage.
Natasha closely misses you. The scorpion closely misses you. Natasha claws you.
You shoot an arrow. The arrow closely misses the scorpion.
You feel very sick. The scorpion misses you. Natasha barely misses you.
The scorpion closely misses you.
You shoot an arrow. The arrow barely misses the scorpion.
You feel very sick. Natasha claws you but does no damage.
The scorpion stings you but does no damage.
Natasha claws you but does no damage.
The scorpion stings you but does no damage.
You shoot an arrow. The arrow hits the scorpion.
The scorpion is almost dead.
You feel sick.
The scorpion stings you but does no damage.
Natasha closely misses you. Natasha claws you.
You die...

####### ......## ######
##.###.$.##########.....
.....)h@....).......####
##..##s..############
........## ##)####.# #>#
#.# ..# #.# #.#


You could see a scorpion and Natasha.

Vanquished Creatures
  A hound (D:3)
  Ijyb (D:3)
  4 adders
  3 dart slugs (D:1)
  7 orcs
  4 bats
  5 endoplasms
  A giant cockroach (D:2)
  3 hobgoblins
  4 jackals (D:1)
  3 quokkas
  7 ball pythons
  A frilled lizard (D:1)
  2 kobolds (D:1)
  A spectral goblin (D:3)
47 creatures vanquished.

Notes
Turn   | Place    | Note
-------+----------+-------------------------------------------
     0 | D:1      | qw the Deep Elf Hunter began the quest for the Orb.
     0 | D:1      | Reached XP level 1. HP: 12/12 MP: 3/3
     0 | D:1      | 0 ||| qw: Version: 0.3-a-9-g12657ce
     0 | D:1      | 0 ||| qw: Game counter: 2454
     0 | D:1      | 0 ||| qw: Always use a shield: true
     0 | D:1      | 0 ||| qw: God list: Okawaru
     0 | D:1      | 0 ||| qw: Allow faded altars: false
     0 | D:1      | 0 ||| qw: Do Orc after D:15 true
     0 | D:1      | 0 ||| qw: Do second Lair branch before Depths: true
     0 | D:1      | 0 ||| qw: Lair rune preference: random
     0 | D:1      | 0 ||| qw: Plans: Normal
     0 | D:1      | 0 ||| PLANNING D:1-11
   214 | D:1      | Reached skill level 6 in Ranged Weapons
   214 | D:1      | Reached XP level 2. HP: 16/16 MP: 4/4
   480 | D:1      | Reached XP level 3. HP: 20/20 MP: 5/5
   708 | D:1      | 708 ||| UPGRADING to +0 ring mail.
   718 | D:1      | 718 ||| DROPPING +0 leather armour.
   719 | D:1      | 719 ||| READING 2 scrolls labelled LAIGET EBEB.
   720 | D:1      | 720 ||| READING scroll labelled FACYTT AC CIO.
   721 | D:1      | 721 ||| DROPPING scroll of butterflies.
   869 | D:2      | Reached skill level 7 in Ranged Weapons
  1083 | D:2      | Reached XP level 4. HP: 12/25 MP: 6/6
  1198 | D:2      | 1198 ||| DROPPING ring of wizardry.
  1199 | D:2      | 1199 ||| READING 2 scrolls labelled FUENYV SUBBAUS.
  1203 | D:2      | 1203 ||| READING scroll of enchant armour.
  1203 | D:2      | 1203 ||| ENCHANTING +0 ring mail.
  1417 | D:3      | Found a faded altar of an unknown god.
  1485 | D:3      | Reached skill level 8 in Ranged Weapons
  1526 | D:3      | 1526 ||| READING scroll of enchant armour.
  1526 | D:3      | 1526 ||| ENCHANTING +1 ring mail.
  1591 | D:3      | Noticed Ijyb
  1601 | D:3      | Killed Ijyb
  1602 | D:3      | Reached XP level 5. HP: 12/29 MP: 7/7
  1690 | D:3      | Noticed Natasha
  1700 | D:3      | HP: 6/29 [poisoned by a scorpion]
  1702 | D:3      | HP: 2/29 [poisoned by a scorpion]
  1702 | D:3      | Slain by Natasha

Levels and vault maps discovered:
D:1:      nicolae_arrival_somewhat_less_tricky_arrival, layout_basic
D:2:      layout_loops_ring, wad_orctagon
D:3:      layout_loops_ring, dreamdust_ecumenical_altar_drowned_temple,
          uniq_crazy_yiuf_cottage, uniq_natasha, uniq_ijyb

Skill      XL: |  1  2  3  4 |
---------------+-------------+-----
Ranged Weapons | 6 7 8 |  8.5
Fighting       | |  1.5
Dodging        | |  2.4
Stealth        | |  1.2

Action                     |  1- 3 |  4- 6 || total
---------------------------+-------+-------++-------
   Fire: Shortbow          |    87 |    61 ||   148
    Use: Scroll            |     2 |     3 ||     5
 Armour: Leather armour    |     5 |       ||     5
         Ring mail         |     6 |    19 ||    25
  Dodge: Dodged            |    34 |    33 ||    67

Table legend:
 A = Non-vault XP
 B = Vault XP
 C = Vault XP percentage of total XP
 D = Non-vault monster count
 E = Vault monster count
 F = Vault count percentage of total count
                 A         B        C        D         E       F
            +---------+---------+-------+---------+---------+-------
      Total |     171 |      49 |  22.3 |      41 |       6 |  12.8
            +---------+---------+-------+---------+---------+-------
        D:1 |      45 |       0 |   0.0 |      22 |       0 |   0.0
        D:2 |      55 |      12 |  17.9 |      11 |       4 |  26.7
        D:3 |      71 |      37 |  34.3 |       8 |       2 |  20.0
            +---------+---------+-------+---------+---------+-------
